 Dungeon Crawl Stone Soup version 0.22.0-18-ge075c0d (webtiles) character file.

403 Larett the Chopper (level 6, -2/85 HPs)
             Began as a Minotaur Berserker on Aug 18, 2018.
             Was a Priest of Trog.
             Slain by Pikel
             ... wielding a +0 whip of electrocution
              (6 damage)
             ... on level 3 of the Dungeon.
             The game lasted 00:06:42 (3036 turns).

Larett the Chopper (Minotaur Berserker)             Turns: 3036, Time: 00:06:43

Health: -2/85      AC: 13    Str: 26    XL:     6   Next: 55%
Magic:  5/5        EV:  7    Int:  4    God:    Trog [***...]
Gold:   125        SH:  0    Dex: 12    Spells: 5/5 levels left

rFire    . . .     SeeInvis .   a - +0 war axe
rCold    . . .     Gourm    .   (no shield)
rNeg     . . .     Faith    .   s - +0 plate armour (curse)
rPois    .         Spirit   .   (helmet restricted)
rElec    .         Reflect  .   F - +0 cloak
rCorr    .         Harm     .   (no gloves)
MR       .....                  v - +0 pair of boots
Stlth    ..........             (no amulet)
HPRegen  0.24/turn              (no ring)
MPRegen  0.09/turn              (no ring)

@: berserking, very quick
A: retaliatory headbutt, horns 2
a: Berserk, Trog's Hand, Renounce Religion


You were on level 3 of the Dungeon.
You worshipped Trog.
Trog was most pleased with you.
You were hungry.

You visited 1 branch of the dungeon, and saw 4 of its levels.

You collected 125 gold pieces.

Inventory:

Hand Weapons
 a - a +0 war axe (weapon)
 p - a +1 dagger of venom
 A - a +0 hand axe
 C - a +0 hunting sling
Missiles
 f - 182 stones (quivered)
 g - 95 arrows
 h - 106 sling bullets
 i - 2 needles of confusion
 j - 12 poisoned needles
Armour
 s - a cursed +0 plate armour (worn)
 v - a +0 pair of boots (worn)
 F - a +0 cloak (worn)
Scrolls
 d - a scroll of identify {unknown}
 m - a scroll of amnesia {unknown}
 n - a scroll of magic mapping {unknown}
 t - a scroll of enchant armour {unknown}
 w - 2 scrolls of fog {unknown}
 y - a scroll of blinking {unknown}
 D - a scroll of remove curse {unknown}
 E - a scroll of random uselessness {unknown}
 G - a scroll of teleportation {unknown}
Potions
 e - a potion of ambrosia {unknown}
 l - 5 potions of might {unknown}
 r - a potion of degeneration {unknown}
 u - a potion of mutation {unknown}
 z - a potion of heal wounds {unknown}
 B - a potion of haste {unknown}
Comestibles
 c - 10 rations


   Skills:
 + Level 5.9 Fighting
 * Level 7.6 Axes
 - Level 2.4 Armour
 - Level 2.1 Dodging


You had 5 spell levels left.
You didn't know any spells.
Your spell library contained the following spells:

 Spells                   Type           Power        Failure   Level  Hunger
 Beastly Appendage        Tmut           #.....       100%        1    ##.....
 Sticks to Snakes         Tmut           #.......     100%        2    ###....
 Spider Form              Tmut/Pois      #.........   100%        3    ####...
 Ice Form                 Ice/Tmut       #.......     100%        4    #####..
 Blade Hands              Tmut           #.........   100%        5    ######.


Dungeon Overview and Level Annotations

Branches:
Dungeon (4/15)
 Temple: D:4-7

Altars:
Fedhas
Sif Muna

Annotations:
D:3 Pikel


Innate Abilities, Weirdness & Mutations

You reflexively headbutt those who attack you in melee.
You have a pair of horns on your head.


Message History

Pikel is lightly wounded.
You slash the slave! You hit the slave. The slave barely misses you.
You furiously retaliate!
You headbutt the slave. Pikel barely misses you.
The slave hits you but does no damage.
Unknown command.
Your plate armour prevents you from hitting Pikel.
Pikel is lightly wounded.
You hit the slave. You slash the slave! The slave hits you but does no damage.
Pikel barely misses you.
You slash Pikel!
Pikel is heavily wounded.
You closely miss the slave. You slash the slave!
You kill the slave!
That felt strangely unrewarding.
The slave hits you.
* * * LOW HITPOINT WARNING * * *
You slice Pikel!!
Pikel is almost dead.
You hit the slave.
Pikel hits you with a whip of electrocution.
You die...

#.#######.#.>......## #...
#.........#........########.##
############.........#.....##....
...### #.#.......#.###.##..#.
...).# ##.#.......#.#.......#.
##.#.# #..........#.#.#.##....
##.#.# #...########......#....
#..#.# #...########........###
#.##.# #...#[@K.[...#[##.#....
#.##<# #...#[.p####...##.#.###
...[.######...#...#.........#....
#.###................#...##.#....
.....................#...........
...##............................
...########...#...######.#####...
#..# #...#...# #.# #### #..#
#...#...# #.#


You could see Pikel and a slave.

Vanquished Creatures
  Sigmund (D:3)
  2 slaves (D:3)
  A crimson imp (D:2)
  A hound (D:3)
  An orc priest (D:3)
  A hound skeleton (D:4)
  Robin (D:3)
  4 adders
  A worm (D:3)
  2 dart slugs (D:3)
  4 leopard geckos
  4 orcs (D:3)
  3 giant cockroaches
  15 goblins
  11 hobgoblins
  2 jackals (D:3)
  8 kobolds
  2 quokkas
  3 ball pythons
  5 bats
  3 frilled lizards
  12 rats
  A bush (D:3)
  A plant (D:3)
89 creatures vanquished.

Notes
Turn   | Place    | Note
-------+----------+-------------------------------------------
     0 | D:1      | Larett the Minotaur Berserker began the quest for the Orb.
     0 | D:1      | Reached XP level 1. HP: 19/19 MP: 0/0
   235 | D:1      | Reached skill level 4 in Axes
   236 | D:1      | Reached XP level 2. HP: 24/27 MP: 1/1
   711 | D:2      | Noticed a crimson imp
  1158 | D:2      | Killed a crimson imp
  1158 | D:2      | Reached skill level 5 in Axes
  1158 | D:2      | Reached XP level 3. HP: 34/34 MP: 2/2
  1277 | D:2      | Reached ** piety under Trog
  1529 | D:2      | Reached XP level 4. HP: 41/41 MP: 3/3
  1686 | D:2      | Found a blossoming altar of Fedhas.
  2060 | D:3      | Found a deep blue altar of Sif Muna.
  2125 | D:3      | Noticed Sigmund
  2134 | D:3      | Killed Sigmund
  2134 | D:3      | Reached skill level 6 in Axes
  2134 | D:3      | Reached XP level 5. HP: 48/48 MP: 4/4
  2190 | D:3      | Reached skill level 7 in Axes
  2190 | D:3      | Reached XP level 6. HP: 56/56 MP: 5/5
  2248 | D:3      | Noticed Robin
  2275 | D:3      | Killed Robin
  2502 | D:3      | Reached *** piety under Trog
  2976 | D:4      | Noticed a slave
  2982 | D:4      | Noticed Pikel
  2982 | D:4      | Noticed a slave
  2982 | D:4      | Noticed a slave
  2982 | D:4      | Noticed a slave
  2991 | D:3      | Killed a slave
  3031 | D:3      | HP: 5/57 [Pikel/whip of electrocution (19)]
  3035 | D:3      | Killed a slave
  3036 | D:3      | Slain by Pikel

Skill      XL: |  1  2  3  4  5 |
---------------+----------------+-----
Axes           | 4 5 6 7 |  7.6
Fighting       | 4 5 |  5.9
Armour         | |  2.4
Dodging        | |  2.1

Action                   |  1- 3 |  4- 6 || total
-------------------------+-------+-------++-------
Melee: Hand axe          |    87 |    50 ||   137
       Headbutt          |     8 |    33 ||    41
       War axe           |       |    91 ||    91
Invok: Berserk           |     1 |     2 ||     3
       Trog's Hand       |       |     1 ||     1
  Eat: Chunk             |     2 |     7 ||     9
Armor: Animal skin       |     9 |       ||     9
       Scale mail        |    12 |       ||    12
       Plate armour      |     8 |    89 ||    97
Dodge: Dodged            |    51 |    48 ||    99
